 Dungeon Crawl Stone Soup version 0.18.1-50-g88ac8fd (webtiles) character file.

3420 Gorglomux the Reanimator (level 9, -3/76 HPs)
             Began as a Deep Dwarf Necromancer on Oct 30, 2016.
             Was a Believer of Pakellas.
             Slain by an orc warrior
             ... wielding a +0 flail
              (20 damage)
             ... on level 8 of the Dungeon.
             The game lasted 00:42:13 (8910 turns).

Gorglomux the Reanimator (Deep Dwarf Necromancer)   Turns: 8910, Time: 00:42:14

Health: -3/76      AC:  9    Str:  9    XL:     9   Next: 76%
Magic:  6/17       EV: 14    Int: 21    God:    Pakellas [**....]
Gold:   386        SH:  0    Dex: 14    Spells: 5 memorised, 6 levels left

rFire  . . .     SeeInvis .     y - +1 dagger (pain)
rCold  + . .     Gourm    .     s - +0 robe
rNeg   + + +     Faith    .     (no shield)
rPois  .         Spirit   .     t - +0 helmet
rElec  .         Dismiss  .     h - +1 cloak
rCorr  .         Reflect  .     v - +0 pair of gloves
SustAt .         Harm     .     E - +2 pair of boots
MR     .....                    (no amulet)
Stlth  +.........               w - ring of protection from cold
                                B - ring "Ulay" {rN+++ MR- Str-3 Int+3 Stlth-}

@: non-regenerating, not resistant to hostile enchantments, very unstealthy
A: damage resistance, recharge devices, sense surroundings 2, slow regeneration
3
a: Device Recharging, Quick Charge, Renounce Religion


You were on level 8 of the Dungeon.
You worshipped Pakellas.
Pakellas was pleased with you.
You were hungry.

You visited 2 branches of the dungeon, and saw 9 of its levels.

You collected 386 gold pieces.

Inventory:

Hand Weapons
 a - a +0 long sword
 f - a +0 whip
 y - a +1 dagger of pain (weapon)
Missiles
 n - 19 tomahawks (quivered)
Armour
 h - a +1 cloak (worn)
 s - a +0 robe (worn)
 t - a +0 helmet (worn)
 v - a +0 pair of gloves (worn)
 E - a +2 pair of boots (worn)
Jewellery
 l - an uncursed ring of protection from fire
 w - a ring of protection from cold (right hand)
 B - the ring "Ulay" (left hand) {rN+++ MR- Str-3 Int+3 Stlth-}
   (You found it on level 6 of the Dungeon)

   [ring of loudness]

   It affects your strength (-3).
   It affects your intelligence (+3).
   It renders you almost immune to negative energy.
   It affects your resistance to hostile enchantments.
   It makes you less stealthy.
Wands
 c - a wand of heal wounds (2/9)
 C - a wand of polymorph (12/24)
 D - a wand of paralysis (0/24)
 K - a wand of enslavement (9/24)
 L - a wand of lightning (9/15)
Scrolls
 g - a scroll of identify
 i - 2 scrolls of random uselessness
 r - 2 scrolls of enchant armour
 x - a scroll of fog
 z - 2 scrolls of recharging
 F - a scroll of fear {unknown}
 J - a scroll of remove curse
 N - a scroll of amnesia {unknown}
Potions
 e - a potion of ambrosia
 j - 4 potions of might
 k - 2 potions of heal wounds
 m - 2 potions of cure mutation
 o - a potion of lignification {unknown}
 p - a potion of berserk rage {unknown}
 u - 2 potions of agility {unknown}
 A - a potion of flight {unknown}
 G - a potion of brilliance {unknown}
 M - a potion of curing
Books
 b - a book of Necromancy

   Spells                             Type                      Level
   a - Pain                           Necromancy                   1
   b - Animate Skeleton               Necromancy                   1
   c - Vampiric Draining              Necromancy                   3
   d - Regeneration                   Charms/Necromancy            3
   e - Animate Dead                   Necromancy                   4
   f - Control Undead                 Necromancy                   4
Miscellaneous
 I - a sack of spiders
Comestibles
 d - 8 bread rations
 q - 2 meat rations
 H - 16 chunks of flesh


   Skills:
 + Level 3.6 Fighting
 + Level 3.4 Short Blades
 + Level 4.6 Dodging
 - Level 2.4 Stealth
 - Level 5.5 Spellcasting
 - Level 10.3 Necromancy
 * Level 7.1 Evocations


You had 6 spell levels left.
You knew the following spells:

 Your Spells              Type           Power        Failure   Level  Hunger
a - Pain                  Necr           ####         1%          1    None
b - Animate Skeleton      Necr           N/A          1%          1    None
c - Vampiric Draining     Necr           #####.....   1%          3    ##.....
d - Animate Dead          Necr           N/A          1%          4    ####...
e - Control Undead        Necr           #####.....   1%          4    ####...


Dungeon Overview and Level Annotations

Branches:
Dungeon (8/15)             Temple (1/1) D:6
   Lair: D:8-11

Altars:
Ashenzari
Cheibriados
Dithmenos
Fedhas
Kikubaaqudgha
Makhleb
Nemelex Xobeh
Okawaru
Pakellas
Ru
Sif Muna
Trog
Vehumet
Xom
Yredelemnul
Zin
The Shining One

Shops:
D:6 }

Annotations:
D:4 ranef's ghost, novice TrBe
D:5 Franakus's ghost, amateur DECj
D:7 Gastronok


Innate Abilities, Weirdness & Mutations

You are resistant to damage.
You can recharge devices by infusing magical energy.
You passively map the area around you.
You do not regenerate naturally.


Message History

Press: ? - help, Shift-Dir - straight line, f - orc warrior
Aim: an orc warrior, wielding a flail and wearing a chain mail (chance to defeat MR: 61%)
The orc warrior resists with significant effort.
This wand has 0 charges left.
Evoke which item? (* to show all) (? for menu, Esc to quit)
Zapping:
L - a wand of lightning (9/15)
Press: ? - help, Shift-Dir - straight line, p - orc warrior
Okay, then.
There is an open door here.
Charge which item? (? for menu, Esc to quit)
Okay, then.
Okay, then.
Charge which item? (? for menu, Esc to quit)
Your wand of heal wounds (0/9) glows for a moment and now has 2 charges.
You are feeling hungry.
Some of the chunks of flesh in your inventory have rotted away.
You open the door. The orc warrior barely misses you.
The orc warrior hits you with a flail!!
You die...
Pakellas says: Time to find a new assistant...

.#######..#######.###.##'##.##...
.##...###'##.#..#.###+.#.#####..#
..................#.##.##...##'##
..................#.#...#...#...#
..................'.'.♣.##.##)♣..
..................#.#....#.#....#
###...###########.####...###...##
###...##..##.####o####....#....#
.'.....#........@...'##.......##
.#[....#........#...#.#.>.♣.<.#
##....##..##....#...###.......##
##....##..##....#...##....#....#
..........####)##...##...###...##
##....##..##...######....#.#....#
########..##...'....'.♣.##.##.♣..
......######...#....#...#...#...#
##....#...##...##...##.##...##.##


You could see an orc warrior.

Vanquished Creatures
  Pikel (D:8)
  A spriggan (D:7)
  Sigmund (D:4)
  A hippogriff (D:8)
  A black bear (D:8)
  An orc warrior (D:7)
  3 ice beasts
  2 sky beasts
  2 ogres
  A centaur (D:6)
  2 giant frogs (D:8)
  A water moccasin zombie (D:7)
  2 scorpions
  A wight (D:6)
  5 orc priests
  5 hounds
  A quasit (D:8)
  A centaur zombie (D:7)
  2 giant frog zombies (D:7)
  A giant frog skeleton (D:6)
  6 orc wizards
  Crazy Yiuf (D:3)
  8 worker ants
  2 hound skeletons
  19 gnolls
  A howler monkey skeleton (D:5)
  10 adders
  2 shadow imps
  An ooze (D:3)
  2 adder zombies
  An adder skeleton (D:5)
  2 worms
  6 giant geckos
  23 orcs
  6 bats
  6 giant cockroaches
  5 goblins
  13 hobgoblins
  11 jackals
  3 quokkas
  2 ball pythons (D:2)
  2 giant gecko skeletons
  5 giant newts
  A jackal skeleton (D:5)
  6 kobolds
  6 rats
185 creatures vanquished.

Vanquished Creatures (collateral kills)
  3 wights (D:6)
  A centaur skeleton (D:5)
  A goblin (D:1)
  A hobgoblin (D:2)
  A giant gecko skeleton (D:4)
  A fungus (D:3)
8 creatures vanquished.

Vanquished Creatures (others)
  An eye of draining (D:8)
  A hound zombie (D:8)
  4 orcs (D:8)
6 creatures vanquished.

Grand Total: 199 creatures vanquished

Notes
Turn   | Place    | Note
--------------------------------------------------------------
     0 | D:1      | Gorglomux the Deep Dwarf Necromancer began the quest for the Orb.
     0 | D:1      | Reached XP level 1. HP: 15/15 MP: 3/3
    40 | D:1      | Learned a level 1 spell: Animate Skeleton
   316 | D:1      | Reached XP level 2. HP: 22/22 MP: 2/4
   577 | D:1      | Found a glowing golden altar of the Shining One.
   738 | D:2      | Reached skill level 5 in Necromancy
  1200 | D:2      | Reached XP level 3. HP: 28/28 MP: 3/6
  1529 | D:2      | Reached XP level 4. HP: 36/36 MP: 4/7
  1746 | D:3      | Found a shattered altar of Ashenzari.
  1757 | D:3      | Learned a level 3 spell: Vampiric Draining
  1841 | D:3      | Reached skill level 6 in Necromancy
  2027 | D:3      | Reached XP level 5. HP: 38/42 MP: 1/9
  2803 | D:3      | Learned a level 4 spell: Animate Dead
  2899 | D:3      | Noticed Crazy Yiuf
  3013 | D:3      | Killed Crazy Yiuf
  3162 | D:4      | Reached skill level 7 in Necromancy
  3234 | D:4      | Reached XP level 6. HP: 44/49 MP: 0/10
  3932 | D:4      | Noticed ranef's ghost (novice TrBe)
  4116 | D:4      | Noticed Sigmund
  4160 | D:4      | Killed Sigmund
  4160 | D:4      | Reached skill level 8 in Necromancy
  4160 | D:4      | Reached XP level 7. HP: 50/55 MP: 3/12
  4417 | D:4      | Learned a level 4 spell: Control Undead
  4604 | D:5      | Entered Level 5 of the Dungeon
  4754 | D:5      | Noticed Franakus's ghost (amateur DECj)
  5214 | D:5      | Reached skill level 9 in Necromancy
  5484 | D:5      | Reached XP level 8. HP: 43/62 MP: 8/15
  5518 | D:5      | Found a radiant altar of Vehumet.
  5745 | D:6      | Found Abiserch's Gadget Boutique.
  5827 | D:6      | Reached skill level 5 in Spellcasting
  5888 | D:6      | Found a staircase to the Ecumenical Temple.
  5901 | Temple   | Entered the Ecumenical Temple
  6123 | Temple   | Became a worshipper of Pakellas the Inventive
  6221 | D:6      | Found a basalt altar of Yredelemnul.
  6261 | D:6      | Found a blossoming altar of Fedhas.
  6261 | D:6      | Found an ancient bone altar of Kikubaaqudgha.
  6575 | D:6      | Got a glittering bronze ring
  6610 | D:6      | Identified the ring "Ulay" {rN+++ MR- Str-3 Int+3 Stlth-} (You found it on level 6 of the Dungeon)
  6794 | D:7      | Reached skill level 10 in Necromancy
  6912 | D:7      | Found a bloodstained altar of Trog.
  6982 | D:6      | Reached * piety under Pakellas
  6982 | D:6      | Received a gift from Pakellas
  7172 | D:6      | Reached skill level 1 in Evocations
  7346 | D:7      | Found a sand-covered staircase.
  7454 | D:7      | Reached skill level 1 in Fighting
  7454 | D:7      | Reached skill level 1 in Short Blades
  7781 | D:7      | Gained mutation: You passively map the area around you. [Deep Dwarf growth]
  7781 | D:7      | Reached XP level 9. HP: 29/73 MP: 5/17
  7997 | D:8      | Noticed Gastronok
  8056 | D:8      | Reached ** piety under Pakellas
  8056 | D:8      | Received a gift from Pakellas
  8140 | D:8      | Reached skill level 5 in Evocations
  8394 | D:8      | Found a snail-covered altar of Cheibriados.
  8539 | D:8      | Found an iron altar of Okawaru.
  8852 | D:8      | Noticed Pikel
  8863 | D:8      | Killed Pikel
  8910 | D:8      | Slain by an orc warrior

Skill      XL: |  1  2  3  4  5  6  7  8  9 |
---------------+----------------------------+-----
Spellcasting   | 2 3 4 5 |  5.5
Necromancy     | 5 6 7 8 9 10 | 10.3
Evocations     | 3 7 |  7.1
Fighting       | 1 3 |  3.6
Short Blades   | 1 3 |  3.4
Dodging        | 4 |  4.6
Stealth        | |  2.4

Action                   |  1- 3 |  4- 6 |  7- 9 || total
-------------------------+-------+-------+-------++-------
Melee: Unarmed           |     5 |       |       ||     5
       Whip              |       |    11 |       ||    11
       Dagger            |       |    32 |   589 ||   621
       Long sword        |       |       |    25 ||    25
Throw: Tomahawk          |     4 |       |     3 ||     7
 Cast: Pain              |    56 |    89 |    51 ||   196
       Animate Skeleton  |    11 |     3 |     2 ||    16
       Vampiric Draining |       |    25 |    22 ||    47
       Animate Dead      |       |     6 |     4 ||    10
       Control Undead    |       |       |    12 ||    12
Invok: Quick Charge      |       |       |     2 ||     2
Evoke: Wand              |       |       |    24 ||    24
  Use: Scroll            |     4 |     3 |     6 ||    13
 Stab: Paralysed         |       |       |     6 ||     6
       Betrayed ally     |       |       |     1 ||     1
  Eat: Chunk             |     3 |    12 |    16 ||    31
       Fruit             |       |       |     5 ||     5
Armor: Robe              |     3 |     9 |   278 ||   290
Dodge: Dodged            |    11 |    31 |   430 ||   472
